 Dungeon Crawl Stone Soup version 0.31-a0-1237-gabc64e778c (webtiles) character file.

Game seed: 13123367469968333967

284 Darkkill the Shooter (level 6, -2/53 HPs)
             Began as a Minotaur Hunter on Dec 15, 2023.
             Slain by a gnoll
             ... wielding a +0 halberd
             ... led by a gnoll bouda
              (7 damage)
             ... on level 4 of the Dungeon.
             The game lasted 00:04:42 (2615 turns).

Darkkill the Shooter (Minotaur Hunter)              Turns: 2615, Time: 00:04:42

Health: -2/53      AC:  7    Str: 15    XL:     6   Next: 7%
Magic:  5/5        EV: 12    Int:  6    God:
Gold:   106        SH:  0    Dex: 18    Spells: 5/5 levels left

rFire   . . .        a - +0 shortbow
rCold   + . .        (shield currently unavailable)
rNeg    . . .        o - +0 ring mail of the Modern Shrikes {rC+ Dex+2 Stlth+}
rPois   .            (helmet restricted)
rElec   .            e - +1 cloak
rCorr   .            (no gloves)
SInv    .            (no boots)
Will    .....        (no amulet)
Stlth   +++          (no ring)
HPRegen 0.28/turn    (no ring)
MPRegen 0.09/turn

%: no passive effects
@: no status effects
A: horns 2, retaliatory headbutt
a: no special abilities


You were on level 4 of the Dungeon.
You visited 1 branch of the dungeon, and saw 4 of its levels.

You collected 106 gold pieces.

Inventory:

Hand Weapons
 a - a +0 shortbow (weapon)
Missiles
 h - 22 stones
Armour
 e - a +1 cloak (worn)
 o - the +0 ring mail of the Modern Shrikes (worn) {rC+ Dex+2 Stlth+}
   (You found it on level 2 of the Dungeon)

   Dex+2:     It affects your dexterity (+2).
   rC+:       It protects you from cold.
   Stlth+:    It makes you more stealthy.
Jewellery
 n - a ring of ice
Scrolls
 d - 6 scrolls of identify {@r1}
 g - 4 scrolls of enchant weapon
Potions
 f - a potion of berserk rage
 i - 4 potions of heal wounds
 j - 2 potions of degeneration {unknown}
 k - a potion of curing {unknown}
 l - a potion of brilliance {unknown}
 m - a potion of might {unknown}
 p - a potion of mutation {unknown}
 r - a potion of cancellation {unknown}


   Skills:
 + Level 4.3 Fighting
 + Level 5.5 Ranged Weapons
 + Level 3.9 Dodging
 + Level 2.6 Stealth


You had 5 spell levels left.
You didn't know any spells.
Your spell library contained the following spells:

 Spells                   Type           Power      Damage    Failure   Level
 Call Canine Familiar     Summ           0%         N/A       96%         3
 Sigil of Binding         Hex            0%         N/A       96%         3
 Dimensional Bullseye     Hex/Tloc       0%         N/A       100%        4
 Leda's Liquefaction      Hex/Erth       0%         N/A       100%        4


Dungeon Overview and Level Annotations

Branches:
Dungeon (4/15)
 Temple: D:4-7

Altars:
Ashenzari
Wu Jian


Innate Abilities, Weirdness & Mutations

You have a pair of horns on your head.
You reflexively headbutt those who attack you in melee.


Message History

The orc barely misses you.
The gnoll hits you from afar with a +0 halberd.
The gnoll completely misses you. The gnoll barely misses you.
There is a stone staircase leading up, spattered with blood here.
You see here an adder corpse.
The orc hits you but does no damage. The gnoll hits you but does no damage.
The gnoll closely misses you. The gnoll hits you but does no damage.
The gnoll hits you with a +0 club.
The gnoll bouda barks out a call to the hunt!
The gnoll picks up the pace!
You climb upwards.
Your summoned ally is left behind.
There is a stone staircase leading down here.
You shoot an arrow. The arrow barely misses the gnoll.
The gnoll is no longer moving quickly.
The orc barely misses you. The gnoll closely misses you.
The orc hits you with a +2 short sword of protection.
You shoot an arrow. The arrow hits the gnoll.
The gnoll is severely wounded.
The gnoll hits you but does no damage.
The orc hits you with a +2 short sword of protection.
You shoot an arrow. The arrow hits the gnoll!
You kill the gnoll!
Your attacks no longer feel as feeble.
The orc hits you with a +2 short sword of protection.
You shoot an arrow.
The arrow hits the orc but does no damage.
The orc is moderately wounded.
The orc barely misses you.
You shoot an arrow. The arrow hits the orc.
You kill the orc!
The gnoll misses you.
Things that are here:
a +0 club; a gnoll corpse The gnoll hits you with a +0 club.
There is a stone staircase leading down here.
You shoot an arrow. The arrow hits the gnoll!
The gnoll is heavily wounded.
The gnoll closely misses you.
You shoot an arrow. The arrow hits the gnoll.
The gnoll is severely wounded.
The gnoll barely misses you. The gnoll hits you with a +0 club.
* * * LOW HITPOINT WARNING * * *
You shoot an arrow. The arrow hits the gnoll.
The gnoll is severely wounded.
The gnoll hits you with a +0 club.
* * * LOW HITPOINT WARNING * * *
You shoot an arrow. The arrow hits the gnoll.
You kill the gnoll!
You have reached level 6!
You start resting.
HP restored.
You climb downwards.
You hear the sound of rushing water.
There is an entrance to a sewer on this level.
Hurry and find it before the portal rusts away!
You hear the rusting of a very distant drain.
The gnoll hits you from afar with a +0 halberd! x2
There is a stone staircase leading up, spattered with blood here.
You see here an adder corpse.
Fire: a) +0 shortbow
Press: ? - help, Q - select action, (/) - cycle Shift-Dir - straight line, f - gnoll
Aim: a gnoll, wielding a +0 halberd (69% to hit)
You shoot an arrow. The arrow hits the gnoll!
The gnoll is severely wounded.
The gnoll hits you from afar with a +0 halberd!
Fire: a) +0 shortbow
Press: ? - help, Q - select action, (/) - cycle Shift-Dir - straight line, f/p - gnoll
Aim: a gnoll, wielding a +0 halberd (severely wounded, 69% to hit)
You shoot an arrow. The arrow hits the gnoll.
The gnoll is severely wounded.
The gnoll closely misses you.
Fire: a) +0 shortbow
Press: ? - help, Q - select action, (/) - cycle Shift-Dir - straight line, f/p - gnoll
Aim: a gnoll, wielding a +0 halberd (severely wounded, 69% to hit)
You shoot an arrow. The arrow hits the gnoll.
You kill the gnoll!
The gnoll misses you.
Fire: a) +0 shortbow
Press: ? - help, Q - select action, (/) - cycle Shift-Dir - straight line, f - gnoll
Aim: a gnoll, wielding a +0 halberd (69% to hit)
You shoot an arrow. The arrow barely misses the gnoll.
The gnoll misses you.
The gnoll hits you from afar with a +0 halberd!
* * * LOW HITPOINT WARNING * * *
Fire: a) +0 shortbow
Press: ? - help, Q - select action, (/) - cycle Shift-Dir - straight line, f/p - gnoll
Aim: a gnoll, wielding a +0 halberd (69% to hit)
You shoot an arrow. The arrow barely misses the gnoll.
The gnoll hits you from afar with a +0 halberd!
* * * LOW HITPOINT WARNING * * *
Fire: a) +0 shortbow
Press: ? - help, Q - select action, (/) - cycle Shift-Dir - straight line, f/p - gnoll
Aim: a gnoll, wielding a +0 halberd (69% to hit)
You shoot an arrow. The arrow closely misses the gnoll.
The gnoll hits you but does no damage.
Fire: a) +0 shortbow
Press: ? - help, Q - select action, (/) - cycle Shift-Dir - straight line, f/p - gnoll
Aim: a gnoll, wielding a +0 halberd (69% to hit)
You shoot an arrow. The arrow barely misses the gnoll.
The gnoll hits you from afar with a +0 halberd!
You die...

#...... ########
#.).... #......#
#gg.... #......#
#...... #......#
#...b.b
#......######......
#..................
#..................
#.@......)....b..b.
#...g....[..b..b...
#...)....÷.........
#.........bb.......
#........÷.........
#......##'###......
#......#.... ....>.
..##'####....#.....
... .. .>..# ..


You could see a gnoll.

Vanquished Creatures
  2 orc priests (D:4)
  Jessica (D:2)
  An orc wizard (D:4)
  Robin (D:3)
  4 gnolls
  4 adders
  2 worms (D:3)
  3 dart slugs
  5 orcs (D:3)
  6 bats
  5 endoplasms
  A giant cockroach (D:2)
  15 goblins
  5 hobgoblins
  2 jackals (D:1)
  5 kobolds
  A quokka (D:1)
  6 ball pythons
  3 frilled lizards
  5 rats
77 creatures vanquished.

Notes
Turn   | Place    | Note
-------+----------+-------------------------------------------
     0 | D:1      | Darkkill the Minotaur Hunter began the quest for the Orb.
     0 | D:1      | Reached XP level 1. HP: 18/18 MP: 0/0
   111 | D:1      | Reached skill level 1 in Stealth
   246 | D:1      | Reached XP level 2. HP: 25/25 MP: 1/1
   885 | D:2      | Noticed Jessica
   888 | D:2      | Killed Jessica
   889 | D:2      | Reached XP level 3. HP: 31/31 MP: 2/2
   919 | D:2      | Reached XP level 4. HP: 27/38 MP: 3/3
  1183 | D:2      | Identified the +0 ring mail of the Modern Shrikes {rC+
                  | Dex+2 Stlth+}
  1324 | D:2      | Reached skill level 5 in Ranged Weapons
  1394 | D:3      | Noticed Robin
  1408 | D:3      | Killed Robin
  1418 | D:3      | HP: 5/39 [goblin/+0 club[Robin] (4)]
  1526 | D:3      | Found an ornate altar of the Wu Jian Council.
  1555 | D:3      | Found a broken altar of Ashenzari.
  1733 | D:3      | Found a faded altar of an unknown god.
  1814 | D:3      | Reached XP level 5. HP: 30/46 MP: 4/4
  2469 | D:3      | Reached XP level 6. HP: 14/53 MP: 5/5
  2613 | D:4      | HP: 4/53 [gnoll/+0 halberd[a gnoll bouda] (10)]
  2615 | D:4      | Slain by a gnoll

Illustrated notes

Levels and vault maps discovered:
D:1:      shiori_arrival_maze, layout_basic
D:2:      layout_rooms, moated_statue, uniq_jessica
D:3:      layout_loops_corners, old_standard_altar,
          mainiacjoe_overflow_chevrons, shapermc_ecumenical_altar_starsandcircs,
          uniq_robin
D:4:      layout_gridville, grunt_gozag_breadcrumbs,
          cheibrodos_sewer_entry_sluice, uniq_grinder, uniq_eustachio

Skill      XL: |  1  2  3  4  5 |
---------------+----------------+-----
Stealth        | 1 2 |  2.6
Fighting       | 3 4 |  4.3
Dodging        | 3 |  3.9
Ranged Weapons | 5 |  5.5

Action                     |  1- 3 |  4- 6 || total
---------------------------+-------+-------++-------
   Fire: Shortbow          |    56 |   173 ||   229
    Use: Scroll            |     3 |     7 ||    10
         Potion            |       |     1 ||     1
 Armour: Leather armour    |    13 |     7 ||    20
         Ring mail         |       |    89 ||    89
  Dodge: Dodged            |    18 |    69 ||    87

Table legend: (Time is in decaauts)
 A = Elapsed time spent in this place.
 B = Non-inter-level travel time spent in this place.
 C = Inter-level travel time spent in this place.
 D = Time resting spent in this place.
 E = Time spent auto-exploring this place.
 F = Levels seen in this place.
 G = Mean time per level.
                   A        B        C        D        E       F      G
               +--------+--------+--------+--------+--------+-----+--------+
         Total |   2666 |   2622 |     44 |    138 |   2038 |   4 |  666.5 |
       Dungeon |   2666 |   2622 |     44 |    138 |   2038 |   4 |  666.5 |
               +--------+--------+--------+--------+--------+-----+--------+

Top non-repeatable levels by time:
     D:3: 1149 daAuts
     D:1: 878 daAuts
     D:2: 530 daAuts
     D:4: 107 daAuts

Levels and vault maps discovered:
D:1:      shiori_arrival_maze, layout_basic
D:2:      layout_rooms, moated_statue, uniq_jessica
D:3:      layout_loops_corners, old_standard_altar,
          mainiacjoe_overflow_chevrons, shapermc_ecumenical_altar_starsandcircs,
          uniq_robin
D:4:      layout_gridville, grunt_gozag_breadcrumbs,
          cheibrodos_sewer_entry_sluice, uniq_grinder, uniq_eustachio

Table legend: (Time is in decaauts)
 A = Elapsed time spent in this place.
 B = Non-inter-level travel time spent in this place.
 C = Inter-level travel time spent in this place.
 D = Time resting spent in this place.
 E = Time spent auto-exploring this place.
 F = Levels seen in this place.
 G = Mean time per level.
                   A        B        C        D        E       F      G
               +--------+--------+--------+--------+--------+-----+--------+
         Total |   2666 |   2622 |     44 |    138 |   2038 |   4 |  666.5 |
       Dungeon |   2666 |   2622 |     44 |    138 |   2038 |   4 |  666.5 |
               +--------+--------+--------+--------+--------+-----+--------+

Top non-repeatable levels by time:
     D:3: 1149 daAuts
     D:1: 878 daAuts
     D:2: 530 daAuts
     D:4: 107 daAuts

Table legend:
 A = Kills in this place as a percentage of kills in the entire game.
 B = Kills by you in this place as a percentage of kills by you in the entire game.
 C = Kills by friends in this place as a percentage of kills by friends in the entire game.
 D = Other kills in this place as a percentage of other kills in the entire game.
 E = Experience gained in this place as a percentage of experience gained in the entire game.
 F = Experience gained in this place divided by the number of levels of this place that you have seen.
                   A       B       C       D       E      F
               +-------+-------+-------+-------+-------+----------------------
         Total | 100.0 | 100.0 |   N/A |   N/A | 100.0 | 101.5
       Dungeon | 100.0 | 100.0 |   N/A |   N/A | 100.0 | 101.5
               +-------+-------+-------+-------+-------+----------------------
